[Event "Titled Tuesday Blitz May 16 Early 2023"]
[White "Spata, German"]
[Black "Hambleton, Aman"]
[WhiteFideId "113026"]
[BlackFideId "2606577"]
[WhiteElo "2260"]
[BlackElo "2511"]
[Result "0-1"]
[Round "08"]
[TimeControl "180+2"]
[Date "2023.05.16"]
[WhiteClock "0:00:00"]
[BlackClock "0:00:02"]

1. Nf3 b6 2. e3 Bb7 3. d4 e6 4. Be2 c5 5. O-O Nf6 6. b3 cxd4 7. Nxd4 a6 8. Bb2 d6 9. c4 Nbd7 10. Nc3 Be7 11. Rc1 O-O 12. Bf3 Qc7 13. h3 Rac8 14. Bxb7 Qxb7 15. Qf3 Qc7 16. Rfd1 Rfe8 17. Qe2 h6 18. Nf3 Qb7 19. Nd4 Bf8 20. Qf3 Qc7 21. Qe2 Ne5 22. Nf3 Ned7 23. Qc2 Red8 24. Ne4 Be7 25. Nxf6+ Nxf6 26. Nd2 Qb7 27. Bxf6 Bxf6 28. Qe4 Qxe4 29. Nxe4 Be7 30. Kf1 f5 31. Nc3 Kf7 32. Ke2 Rc5 33. Na4 Rc6 34. Rc2 b5 35. Nb2 Bf6 36. Rdc1 Rdc8 37. Kd3 Bxb2 38. Rxb2 d5 39. Rbc2 dxc4+ 40. bxc4 b4 41. Rb1 a5 42. a3 Rb8 43. axb4 axb4 44. c5 Rb5 45. Kd4 Kf6 46. Rb3 g5 47. Rc4 h5 48. Rbxb4 Rcxc5 49. Rxb5 Rxb5 50. Rc2 Rb1 51. Kd3 Rg1 52. f3 Re1 53. Re2 Rg1 54. e4 f4 55. Kd4 Rd1+ 56. Kc3 Ke5 57. Kc4 Rg1 58. Kd3 Rf1 59. Rc2 Re1 60. Rc5+ Kf6 61. Rc2 Rd1+ 62. Ke2 Rg1 63. Kf2 Rd1 64. Re2 Ke5 65. Ra2 Rb1 66. Ra5+ Kf6 67. Ra2 Rb5 68. Rc2 Ke5 69. Ra2 Rc5 70. Rb2 Kd4 71. Rd2+ Ke5 72. Rb2 Ra5 73. Rc2 g4 74. hxg4 hxg4 75. g3 fxg3+ 76. Kxg3 gxf3 77. Kxf3 Ra3+ 78. Kf2 Kxe4 79. Rc4+ Kf5 80. Rb4 e5 81. Ke2 Ra2+ 82. Kf3 Ra3+ 83. Ke2 Rh3 84. Kf2 Rh2+ 85. Kg3 Rc2 86. Kf3 Rc3+ 87. Ke2 Ke6 88. Ra4 Rh3 89. Kf2 Rb3 90. Ke2 Kd5 91. Kd2 Rh3 92. Ke2 e4 93. Kd2 Rh2+ 94. Ke3 Rh3+ 95. Ke2 Ke5 96. Kf2 Rh2+ 97. Ke3 Rh3+ 98. Kf2 Kf4 99. Kg2 Rg3+ 100. Kf2 Rh3 101. Kg2 Rc3 102. Ra2 Ke3 103. Kg3 Rb3 104. Kg2 Rb1 105. Rf2 Rd1 106. Ra2 Rd2+ 0-1


[Site "https://www.chess.com"]

[Event "Titled Tuesday Blitz May 16 Early 2023"]
[White "Piesik, Piotr"]
[Black "Harsh Suresh"]
[WhiteFideId "1136194"]
[BlackFideId "45018464"]
[WhiteElo "2299"]
[BlackElo "2209"]
[Result "0-1"]
[Round "08"]
[TimeControl "180+2"]
[Date "2023.05.16"]
[WhiteClock "0:01:06"]
[BlackClock "0:00:08"]

1. Nf3 Nf6 2. g3 g6 3. Bg2 Bg7 4. O-O O-O 5. d4 d5 6. c4 c6 7. Nc3 Bg4 8. Ne5 Be6 9. cxd5 cxd5 10. Qb3 Nc6 11. Qxb7 Nxd4 12. Be3 Nf5 13. Nc6 Qd7 14. Qxd7 Bxd7 15. Nxd5 Nxd5 16. Bxd5 Nxe3 17. Nxe7+ Kh8 18. Bxa8 Nxf1 19. Bc6 Bxc6 20. Nxc6 Nd2 21. Rd1 Ne4 22. Nxa7 Bxb2 23. Nc6 Rc8 24. Rd8+ Rxd8 25. Nxd8 Kg7 26. a4 Nc5 27. a5 Bc3 28. Nc6 Kf6 29. Kg2 Ke6 30. Nd8+ Ke7 31. Nb7 Na6 32. Kf3 Kd7 33. Ke4 Kc7 34. Kd5 Kxb7 35. Kd6 Bb4+ 36. Kd7 Nc7 37. e4 Bxa5 38. Ke7 f5 39. exf5 gxf5 40. Kf6 Bb6 41. f3 Bg1 42. h3 Bf2 43. g4 fxg4 44. fxg4 Kc6 45. Kg7 Kd6 46. Kxh7 Ke7 47. Kg6 Ne6 48. Kf5 Bh4 49. Kg6 Nf4+ 50. Kf5 Nxh3 51. g5 Be1 52. g6 Nf2 53. Kg5 Kf8 54. Kh6 Kg8 55. Kg5 Kg7 56. Kf5 Bc3 57. Kg5 Bd2+ 58. Kf5 Bc1 59. Ke5 Kxg6 60. Ke6 Bf4 61. Kd5 Kf5 62. Kd4 Ke6 63. Kc5 Ke5 64. Kc6 Kd4 65. Kb5 Kd5 66. Kb6 Bd6 67. Kb7 Ne4 68. Kb6 Nc3 69. Kb7 Kc5 70. Ka8 Kc6 71. Ka7 Nb5+ 72. Ka8 Bc5 73. Kb8 Nc7 74. Kc8 Ba7 75. Kd8 Nd5 76. Ke8 Kd6 77. Kf7 Ne7 78. Kf6 Be3 79. Kf7 Bg5 80. Ke8 Ng6 81. Kf7 Ne5+ 82. Ke8 Ke6 83. Kf8 Kd7 84. Kg7 Ke7 85. Kg8 Bh6 86. Kh7 Bf8 87. Kg8 Ke8 88. Kh7 Kf7 89. Kh8 Nd7 90. Kh7 Nf6+ 0-1


[Site "https://www.chess.com"]

[Event "Titled Tuesday Blitz May 16 Early 2023"]
[White "Asavasaetakul, Chawit"]
[Black "Bryakin, Mikhail"]
[WhiteFideId "6204856"]
[BlackFideId "4165314"]
[WhiteElo "1919"]
[BlackElo "2467"]
[Result "1-0"]
[Round "08"]
[TimeControl "180+2"]
[Date "2023.05.16"]
[WhiteClock "0:02:14"]
[BlackClock "0:02:36"]

1. e4 d6 2. d4 e5 3. Nf3 exd4 4. Nxd4 Nf6 5. Nc3 Be7 6. Bc4 O-O 7. O-O Nc6 8. Nxc6 bxc6 9. Re1 Be6 10. Bxe6 fxe6 11. e5 Nd5 12. exd6 Bxd6 13. Ne4 Qh4 14. g3 Qh3 15. c4 Rxf2 16. Nxf2 Bc5 17. cxd5 Bxf2+ 18. Kxf2 Qxh2+ 19. Kf3 Qh5+ 20. Kg2 Qg6 21. Rxe6 Qf5 22. Bf4 1-0


[Site "https://www.chess.com"]

[Event "Titled Tuesday Blitz May 16 Early 2023"]
[White "Starozhilov, Leonid"]
[Black "Sieciechowicz, Marcin"]
[WhiteFideId "14106752"]
[BlackFideId "1130170"]
[WhiteElo "2352"]
[BlackElo "2302"]
[Result "0-1"]
[Round "08"]
[TimeControl "180+2"]
[Date "2023.05.16"]
[WhiteClock "0:00:00"]
[BlackClock "0:00:13"]

1. e4 e6 2. d4 d5 3. Nc3 Bb4 4. e5 c5 5. a3 Bxc3+ 6. bxc3 Qa5 7. h4 Qxc3+ 8. Bd2 Qxd4 9. Nf3 Qe4+ 10. Be2 Nc6 11. Kf1 Nxe5 12. Ng5 Qa4 13. Rb1 Nc4 14. Bd3 Nf6 15. Bc3 h6 16. Nf3 a6 17. Ne5 Nxe5 18. Bxe5 Qc6 19. Qf3 Ke7 20. g4 d4 21. Qxc6 bxc6 22. f3 Ra7 23. Ke2 Nd5 24. Bxg7 Rg8 25. Bxh6 Nc3+ 26. Kd2 Nxb1+ 27. Rxb1 f6 28. Rh1 e5 29. g5 Be6 30. g6 c4 31. Be4 f5 32. Bxc6 Kd6 33. Ba4 Rxg6 34. Bg5 Bd5 35. Rf1 Bc6 36. Bxc6 Kxc6 37. Re1 Kd5 38. Rb1 Rag7 39. Rb8 Rxg5 40. hxg5 Rxg5 41. Rd8+ Ke6 42. Re8+ Kd6 43. Rd8+ Ke7 44. Rd5 Rg2+ 45. Kd1 Ke6 46. Ra5 e4 47. f4 d3 48. cxd3 cxd3 49. Ke1 Kd6 50. Re5 a5 51. Rxa5 e3 52. Kf1 Ra2 53. Rxf5 Ra1+ 54. Kg2 e2 0-1


[Site "https://www.chess.com"]

[Event "Titled Tuesday Blitz May 16 Early 2023"]
[White "Karthik Rajaa"]
[Black "HamedWafa4"]
[WhiteFideId "25035215"]
[WhiteElo "2215"]
[BlackElo "2605"]
[Result "1-0"]
[Round "08"]
[TimeControl "180+2"]
[Date "2023.05.16"]
[WhiteClock "0:00:43"]
[BlackClock "0:00:01"]

1. Nf3 d6 2. d4 Nf6 3. Nc3 d5 4. Bf4 e6 5. Nb5 Na6 6. e3 c6 7. Nc3 Bb4 8. Bxa6 bxa6 9. O-O Bxc3 10. bxc3 O-O 11. c4 dxc4 12. Qe2 Qd5 13. Ne5 c3 14. Qd3 Bb7 15. Qxc3 c5 16. Nf3 cxd4 17. Qxd4 Rac8 18. Be5 Qxd4 19. Nxd4 Ng4 20. Bg3 e5 21. Nf5 Rxc2 22. h3 Nf6 23. Bxe5 Be4 24. Nd6 Bd5 25. a4 Ne4 26. Nf5 Re8 27. Bd4 f6 28. Rac1 Bb3 29. Rxc2 Bxc2 30. Rc1 Bb3 31. Rc7 Bf7 32. Rxa7 Rc8 33. f3 Rc1+ 34. Kh2 Be6 35. fxe4 Bxf5 1-0


[Site "https://www.chess.com"]

[Event "Titled Tuesday Blitz May 16 Early 2023"]
[White "Tasev, Dejan"]
[Black "Panesar Vedant"]
[WhiteFideId "936618"]
[BlackFideId "35033018"]
[WhiteElo "2244"]
[BlackElo "2347"]
[Result "1-0"]
[Round "08"]
[TimeControl "180+2"]
[Date "2023.05.16"]
[WhiteClock "0:00:20"]
[BlackClock "0:00:01"]

1. e4 e5 2. Nf3 Nc6 3. Bc4 Bc5 4. Nc3 Nf6 5. d3 a5 6. a3 h6 7. h3 d6 8. Be3 Bxe3 9. fxe3 O-O 10. O-O Ne7 11. Nh4 d5 12. exd5 Nexd5 13. Qe1 Be6 14. Bxd5 Nxd5 15. Nf5 Nxc3 16. Qxc3 Bxf5 17. Rxf5 f6 18. Raf1 Qd7 19. R5f3 b6 20. Rg3 Kh8 21. Kh2 c5 22. Qc4 Rad8 23. Qh4 Qe6 24. b3 e4 25. dxe4 Rd2 26. Rf4 Kh7 27. Qh5 g5 28. Rh4 f5 29. Rxg5 Qd6+ 30. e5 Qxe5+ 31. Rg3 Rf6 32. Qg5 Rf8 33. Qg6+ Kh8 34. Rxh6# 1-0


[Site "https://www.chess.com"]

[Event "Titled Tuesday Blitz May 16 Early 2023"]
[White "Cherniaiev, Tykhon"]
[Black "OPQRC"]
[WhiteFideId "14182360"]
[WhiteElo "2450"]
[BlackElo "2564"]
[Result "1-0"]
[Round "08"]
[TimeControl "180+2"]
[Date "2023.05.16"]
[WhiteClock "0:01:48"]
[BlackClock "0:02:03"]

1. Nf3 Nf6 2. d4 g6 3. c4 Bg7 4. Nc3 O-O 5. e4 d6 6. Be2 e5 7. dxe5 dxe5 8. Qxd8 Rxd8 9. Bg5 Na6 10. Nd5 Rd6 11. Bxf6 Bxf6 12. O-O-O Kg7 13. c5 Nxc5 14. Nxc7 Rxd1+ 15. Rxd1 Rb8 16. Ne8+ 1-0


[Site "https://www.chess.com"]

[Event "Titled Tuesday Blitz May 16 Early 2023"]
[White "Postny, Evgeny"]
[Black "iHateNAJDORF"]
[WhiteFideId "2804344"]
[WhiteElo "2504"]
[BlackElo "2556"]
[Result "1-0"]
[Round "08"]
[TimeControl "180+2"]
[Date "2023.05.16"]
[WhiteClock "0:00:39"]
[BlackClock "0:00:02"]

1. e4 c5 2. Nf3 Nc6 3. d4 cxd4 4. Nxd4 Nf6 5. Nc3 d6 6. Bg5 Bd7 7. h4 Rc8 8. Be2 Nxd4 9. Qxd4 Qa5 10. O-O a6 11. a3 Qc5 12. Qxc5 Rxc5 13. Be3 Rxc3 14. bxc3 Nxe4 15. Bf3 Bc6 16. c4 e6 17. Rfe1 Be7 18. Bd4 f5 19. Bxg7 Rg8 20. Bd4 Bxh4 21. Re2 Kd7 22. Rd1 Kc7 23. Rd3 Be7 24. Be3 Bf6 25. Bf4 Be5 26. Bxe5 dxe5 27. Rde3 Rd8 28. Bxe4 Bxe4 29. f3 Rd1+ 30. Kf2 Bc6 31. Rxe5 Bd7 32. Re1 Rd2+ 33. R5e2 Rd4 34. Rh1 Rxc4 35. Rxh7 Kc6 36. Rd2 Bc8 37. Rg7 Rc3 38. g4 fxg4 39. fxg4 Rxa3 40. Rd8 1-0


[Site "https://www.chess.com"]

[Event "Titled Tuesday Blitz May 16 Early 2023"]
[White "Tatarinov, Dmitry"]
[Black "Hossain, Enamul"]
[WhiteFideId "24160067"]
[BlackFideId "10200649"]
[WhiteElo "2326"]
[BlackElo "2433"]
[Result "0-1"]
[Round "08"]
[TimeControl "180+2"]
[Date "2023.05.16"]
[WhiteClock "0:00:00"]
[BlackClock "0:00:14"]

1. d4 Nf6 2. c4 g6 3. Nc3 Bg7 4. e4 d6 5. Be2 O-O 6. Be3 e5 7. d5 Na6 8. Nf3 Ng4 9. Bg5 f6 10. Bd2 f5 11. Ng5 Nf6 12. exf5 gxf5 13. f4 e4 14. O-O h6 15. Nh3 Bd7 16. Nf2 Qe8 17. Be3 Nc5 18. Rc1 a5 19. Kh1 b6 20. Rg1 Kh8 21. b3 Qg6 22. a3 h5 23. b4 axb4 24. axb4 Na4 25. Nb5 Ng4 26. Nxg4 hxg4 27. Nxc7 Nc3 28. Rxc3 Bxc3 29. Nxa8 Rxa8 30. Bxb6 Ra2 31. Bd4+ Bxd4 32. Qxd4+ Kh7 33. Qe3 Qh6 34. c5 g3 35. h3 Bb5 36. Re1 Bxe2 37. Rxe2 Rxe2 38. Qxe2 Qxf4 39. Qe1 Qf2 40. Qd1 Kg6 41. cxd6 e3 42. h4 e2 43. h5+ Kf7 0-1


[Site "https://www.chess.com"]

[Event "Titled Tuesday Blitz May 16 Early 2023"]
[White "Dimitrov, Atanas"]
[Black "Kubicka, Anna"]
[WhiteFideId "2901315"]
[BlackFideId "1152254"]
[WhiteElo "2717"]
[BlackElo "2144"]
[Result "0-1"]
[Round "08"]
[TimeControl "180+2"]
[Date "2023.05.16"]
[WhiteClock "0:00:49"]
[BlackClock "0:00:39"]

1. Nf3 Nf6 2. c4 g6 3. Nc3 Bg7 4. e3 O-O 5. b3 d5 6. Bb2 c5 7. cxd5 Nxd5 8. Be2 Nb4 9. d3 Bf5 10. e4 Bg4 11. O-O Bxf3 12. gxf3 Nd7 13. f4 e6 14. a3 Nc6 15. Bf3 Qh4 16. Qd2 Nd4 17. Bd1 Bh6 18. f3 Bxf4 19. Qg2 Ne5 20. Ne2 Bxh2+ 21. Kh1 Bf4+ 22. Kg1 Be3+ 23. Rf2 Ndxf3+ 24. Kf1 Nd2+ 0-1


[Site "https://www.chess.com"]

[Event "Titled Tuesday Blitz May 16 Early 2023"]
[White "Jovic, Stanoje"]
[Black "wqws"]
[WhiteFideId "905020"]
[WhiteElo "2236"]
[BlackElo "2612"]
[Result "1-0"]
[Round "08"]
[TimeControl "180+2"]
[Date "2023.05.16"]
[WhiteClock "0:01:03"]
[BlackClock "0:01:00"]

1. c4 Nf6 2. g3 e6 3. Bg2 d5 4. Nf3 d4 5. O-O c5 6. e3 Nc6 7. Re1 Bd6 8. a3 a5 9. b3 O-O 10. exd4 cxd4 11. d3 e5 12. Bg5 h6 13. Bxf6 Qxf6 14. Nbd2 Qg6 15. Qc2 f5 16. c5 Bc7 17. Nc4 Qf6 18. b4 axb4 19. axb4 Be6 20. b5 Nb4 21. Qb3 Rxa1 22. Rxa1 Nxd3 23. Qxd3 e4 24. Qxd4 exf3 25. Qxf6 gxf6 26. Bf1 f4 27. b6 Be5 28. Nxe5 fxe5 29. Re1 Rd8 30. Rxe5 Kf7 31. Re1 fxg3 32. hxg3 Rc8 33. Rxe6 1-0


[Site "https://www.chess.com"]

[Event "Titled Tuesday Blitz May 16 Early 2023"]
[White "Dixit, Nikhil"]
[Black "Madaminov, Mukhiddin"]
[WhiteFideId "5059534"]
[BlackFideId "14210703"]
[WhiteElo "2207"]
[BlackElo "2511"]
[Result "1-0"]
[Round "08"]
[TimeControl "180+2"]
[Date "2023.05.16"]
[WhiteClock "0:00:10"]
[BlackClock "0:00:00"]

1. e4 c5 2. Nf3 d6 3. Bb5+ Nd7 4. Bxd7+ Bxd7 5. O-O Nf6 6. e5 dxe5 7. Nxe5 Qc7 8. Nxd7 Qxd7 9. d3 e6 10. Bg5 Be7 11. Nc3 O-O 12. Qe2 Rfe8 13. Rae1 Rad8 14. Ne4 Nxe4 15. Bxe7 Qxe7 16. Qxe4 Rd4 17. Qe5 b6 18. Re3 Red8 19. Rfe1 h6 20. Rg3 g6 21. Rh3 Kh7 22. Rf3 R8d5 23. Qb8 Rf5 24. Rxf5 gxf5 25. Qe5 Kg6 26. Re3 h5 27. Rg3+ Rg4 28. h3 Rxg3 29. Qxg3+ Kh7 30. h4 Qf6 31. c3 f4 32. Qf3 Qxh4 33. Qb7 Kg6 34. Qxa7 Qd8 35. Qa6 e5 36. Qc4 h4 37. a4 f6 38. Qe4+ Kg5 39. b4 cxb4 40. cxb4 Qc7 41. Kh2 f5 42. Qd5 Kf6 43. Kh3 Qc1 44. Qd6+ Kf7 45. Kxh4 f3 46. Qd5+ Kf6 47. Qd6+ Kf7 48. Qd7+ Kg6 49. Qe8+ Kf6 50. Qf8+ Ke6 51. Qe8+ Kd6 52. Qd8+ Ke6 53. Qe8+ Kf6 54. Qf8+ Kg6 55. Qg8+ Kh6 56. Qe6+ Kg7 57. Qxe5+ Kg6 58. Qd6+ Kf7 59. Qd7+ Kf6 60. Qd8+ Kf7 61. Qd5+ Kf6 62. Qd4+ Kg6 63. gxf3 Qh1+ 64. Kg3 Qg1+ 65. Kf4 Qg5+ 66. Ke5 Qf6+ 67. Kd5 Qd8+ 68. Kc4 Qc7+ 69. Kb3 Qc1 70. Qxb6+ Kh5 71. Qc5 Qb1+ 72. Kc4 Kh4 73. Kb5 Qxd3+ 74. Qc4+ Kh3 75. Qxd3 f4 76. a5 Kg2 77. a6 1-0


[Site "https://www.chess.com"]

[Event "Titled Tuesday Blitz May 16 Early 2023"]
[White "Ter-Sahakyan, Samvel"]
[Black "Gontcharov, Vladislav"]
[WhiteFideId "13302531"]
[BlackFideId "4123492"]
[WhiteElo "2545"]
[BlackElo "2420"]
[Result "1-0"]
[Round "08"]
[TimeControl "180+2"]
[Date "2023.05.16"]
[WhiteClock "0:00:05"]
[BlackClock "0:00:01"]

1. d4 Nf6 2. c4 e6 3. Nf3 b6 4. g3 Bb7 5. Bg2 Bb4+ 6. Bd2 Be7 7. Nc3 d5 8. Qc2 O-O 9. Bf4 c6 10. h4 a5 11. Rd1 Na6 12. Ng5 h6 13. Be5 hxg5 14. hxg5 g6 15. gxf6 Bxf6 16. Qc1 Bg7 17. Bxg7 Kxg7 18. Qh6+ Kf6 19. Rd3 Ke7 20. cxd5 cxd5 21. Rf3 Nc7 22. Qg7 Ne8 23. Qe5 Qd6 24. Qg5+ Kd7 25. Rh7 Qe7 26. Qf4 Nd6 27. Re3 Rh8 28. Rxh8 Rxh8 29. Nxd5 Bxd5 30. Bxd5 Nf5 31. Rc3 Qd6 32. Bc6+ Ke7 33. Qxd6+ Kxd6 34. e3 Ne7 35. Bb5 Rh1+ 36. Ke2 Rb1 37. Rc2 Nd5 38. a3 g5 39. e4 Ne7 40. Ke3 e5 41. dxe5+ Kxe5 42. f4+ gxf4+ 43. gxf4+ Kd6 44. Bd3 f6 45. Rd2 Rg1 46. Bc4+ Kc7 47. Be6 Nc6 48. Rd7+ Kb8 49. Bd5 Rc1 50. Rd6 Ne7 51. Rxb6+ Kc7 52. Rxf6 Rc2 53. b4 axb4 54. axb4 Rb2 55. Rf7 Kd6 56. e5+ Kxd5 57. Rxe7 Rb3+ 58. Kf2 Ke4 59. Rf7 Kd5 60. b5 Rxb5 61. Kf3 Rb1 62. Kg4 Ke6 63. Rf6+ Ke7 64. Kf5 Rh1 65. Re6+ Kf7 66. Ra6 Rh5+ 67. Ke4 Rh4 68. Ra7+ Ke6 69. Ra6+ Ke7 70. Kf3 Rh1 71. f5 Rf1+ 72. Kg4 Rg1+ 73. Kh5 Rh1+ 74. Kg6 Rg1+ 75. Kh7 Rf1 76. Ra7+ Kf8 77. Kg6 Rb1 78. e6 Rh1 79. Kf6 Rh6+ 80. Ke5 Rh1 81. Ra8+ Kg7 82. f6+ Kg6 83. Rg8+ Kh7 84. f7 Re1+ 85. Kd5 Rg1 86. Rxg1 1-0


[Site "https://www.chess.com"]

[Event "Titled Tuesday Blitz May 16 Early 2023"]
[White "Shevtchenko, Olesya"]
[Black "Pap, Gyula"]
[WhiteFideId "24131890"]
[BlackFideId "725323"]
[WhiteElo "2003"]
[BlackElo "2519"]
[Result "0-1"]
[Round "08"]
[TimeControl "180+2"]
[Date "2023.05.16"]
[WhiteClock "0:00:47"]
[BlackClock "0:01:05"]

1. e4 e5 2. Bc4 Nf6 3. Nc3 Nc6 4. d3 Bb4 5. Ne2 d5 6. exd5 Nxd5 7. O-O Be6 8. Bxd5 Bxd5 9. f4 f6 10. f5 Bf7 11. Be3 Qd7 12. Ne4 O-O-O 13. a3 Be7 14. b4 g6 15. N2g3 Nd4 16. fxg6 Bxg6 17. Nxf6 Qc6 18. Bxd4 Rxd4 19. Nfe4 h5 20. Qe2 Qe6 21. Qf3 Rf8 22. Qxf8+ Bxf8 23. Rxf8+ Rd8 24. Raf1 b6 25. Rxd8+ Kxd8 26. Rf8+ Ke7 27. Rf6 Qg4 28. Rc6 h4 29. Nf6 Qd4+ 0-1


[Site "https://www.chess.com"]

[Event "Titled Tuesday Blitz May 16 Early 2023"]
[White "Bruedigam, Martin"]
[Black "Zemlyanskii, Ivan"]
[WhiteFideId "24608033"]
[BlackFideId "24249971"]
[WhiteElo "2331"]
[BlackElo "2421"]
[Result "1-0"]
[Round "08"]
[TimeControl "180+2"]
[Date "2023.05.16"]
[WhiteClock "0:01:16"]
[BlackClock "0:00:09"]

1. d4 Nc6 2. Nf3 d6 3. e4 e5 4. dxe5 Nxe5 5. Nxe5 dxe5 6. Qxd8+ Kxd8 7. Bc4 Ke8 8. Be3 Nf6 9. f3 c6 10. Nd2 Nd7 11. Nb3 Nb6 12. Bd3 Be7 13. a4 Be6 14. Nc5 Bxc5 15. Bxc5 f6 16. a5 Nd7 17. Be3 Kf7 18. b4 b6 19. c3 c5 20. Bb5 Rhc8 21. Kd2 cxb4 22. cxb4 bxa5 23. Rxa5 Nb6 24. Rha1 Rd8+ 25. Ke1 Nc4 26. Rxa7+ Rxa7 27. Rxa7+ Kg6 28. Bc5 Nb2 29. Kf2 Rd2+ 30. Kg3 h5 31. Be8+ Kh6 32. Be3+ g5 33. Bxd2 Nd3 34. h4 1-0


[Site "https://www.chess.com"]

[Event "Titled Tuesday Blitz May 16 Early 2023"]
[White "Weetik, Vjacheslav"]
[Black "Fiorito, Joaquin"]
[WhiteFideId "4153472"]
[BlackFideId "180173"]
[WhiteElo "2469"]
[BlackElo "2157"]
[Result "0-1"]
[Round "08"]
[TimeControl "180+2"]
[Date "2023.05.16"]
[WhiteClock "0:00:10"]
[BlackClock "0:00:07"]

1. d4 Nf6 2. c4 e6 3. g3 d5 4. Nf3 Bb4+ 5. Bd2 a5 6. Bg2 O-O 7. O-O dxc4 8. Bg5 b5 9. Ne5 Ra6 10. a4 c6 11. Nc3 Rb6 12. e4 Be7 13. Be3 Rb7 14. d5 cxd5 15. exd5 b4 16. dxe6 bxc3 17. exf7+ Kh8 18. bxc3 Rb3 19. Bd4 Be6 20. Re1 Bd5 21. Bf1 Qc7 22. Rb1 Nc6 23. Nxc4 Rxb1 24. Qxb1 Nxd4 25. cxd4 Bxc4 26. Rc1 Qd7 27. Bxc4 Qxd4 28. Rc2 g6 29. Qb7 Bc5 30. Kg2 Kg7 31. Qf3 Bb6 32. h3 Qe4 33. Bb3 Qb4 34. Rc6 Bd4 35. h4 Qd2 36. Rd6 Qb2 37. h5 Be5 38. Rc6 Nxh5 39. Bc4 Nf6 40. Re6 Qd4 41. Bb3 Bc7 42. Rc6 Bb6 43. Rc4 Qb2 44. Rf4 Bd4 45. Bc4 Be5 46. Rh4 g5 47. Rh1 Qd4 48. Bb3 Qe4 49. Qxe4 Nxe4 50. Re1 Nc5 51. Rxe5 Nxb3 52. Rxg5+ Kxf7 53. Rb5 Nd4 54. Rxa5 Rb8 55. Rd5 Nb3 56. Rb5 Rxb5 57. axb5 Ke6 58. Kf3 Nd4+ 59. Kg4 Nxb5 60. Kh5 Kf7 61. Kh6 Kg8 62. g4 Nd6 63. f4 Nf7+ 64. Kh5 Kg7 65. Kh4 Kg6 66. Kg3 Nd6 67. Kh4 Kf6 68. Kh5 Kg7 69. Kh4 Ne4 70. Kh5 Nf6+ 71. Kh4 Nd5 72. Kg5 h6+ 73. Kf5 Ne7+ 74. Ke4 Ng6 75. Kf5 Ne7+ 76. Ke6 Nc6 77. Kd5 Nb4+ 78. Ke4 Nc2 79. Kd3 Ne1+ 80. Ke2 Nc2 81. Kd3 Nb4+ 82. Ke4 Kg6 83. Kf3 Nd5 84. Ke4 Nf6+ 85. Kf3 Nd7 86. Ke4 Nc5+ 87. Kd5 Nd3 88. Ke4 Nf2+ 89. Kf3 Nd3 90. Ke4 Nb4 91. Kd4 Kf7 92. Ke5 Nc6+ 93. Kf5 Ne7+ 94. Ke4 Ke6 95. Kd4 Nc6+ 96. Ke4 Nb4 97. Kd4 Nc2+ 98. Ke4 Kf6 99. Kd3 Ne1+ 100. Ke4 Kg6 101. Ke3 Ng2+ 102. Kf3 Ne1+ 103. Ke2 Nc2 104. Kd3 Nb4+ 105. Ke4 Nc6 106. Kd5 Ne7+ 107. Ke4 Ng8 108. Ke5 Nf6 109. g5 Ng4+ 110. Ke4 h5 111. Kf3 Kf5 112. Kg3 Kg6 113. Kh4 Ne3 114. Kg3 Nf5+ 115. Kf3 Kf7 116. Ke4 Ke6 117. Kf3 Kd5 118. g6 Ke6 119. Kg2 Kf6 120. Kh3 Kxg6 0-1


[Site "https://www.chess.com"]

[Event "Titled Tuesday Blitz May 16 Early 2023"]
[White "Tanenbaum, Zachary"]
[Black "Belov, Alexei"]
[WhiteFideId "2060850"]
[BlackFideId "4128206"]
[WhiteElo "2175"]
[BlackElo "2549"]
[Result "1-0"]
[Round "08"]
[TimeControl "180+2"]
[Date "2023.05.16"]
[WhiteClock "0:00:08"]
[BlackClock "0:00:02"]

1. e4 e6 2. d4 d5 3. Nc3 Nf6 4. Bg5 dxe4 5. Nxe4 Be7 6. Bxf6 Bxf6 7. Nf3 O-O 8. c3 Nd7 9. Bd3 e5 10. dxe5 Nxe5 11. Nxe5 Bxe5 12. O-O Bf5 13. Qf3 Bg6 14. Rfe1 Re8 15. Nc5 b6 16. Bxg6 hxg6 17. Rad1 Qg5 18. Nd3 Bd6 19. Qc6 Rxe1+ 20. Rxe1 Rf8 21. g3 Qd2 22. Re3 a5 23. Kg2 Qc2 24. h4 a4 25. Qf3 a3 26. Re2 Qa4 27. b3 Qd7 28. Nf4 Rd8 29. Re4 Qc6 30. Nd5 Qd7 31. c4 b5 32. h5 gxh5 33. Qxh5 bxc4 34. Rh4 f6 35. Qg6 Qe6 36. bxc4 c6 37. Rh7 Bf8 38. Qh5 cxd5 39. Rh8# 1-0


[Site "https://www.chess.com"]

[Event "Titled Tuesday Blitz May 16 Early 2023"]
[White "Melikyan, Gnel"]
[Black "Csonka, Balazs"]
[WhiteFideId "54109990"]
[BlackFideId "742910"]
[WhiteElo "2138"]
[BlackElo "2404"]
[Result "1-0"]
[Round "08"]
[TimeControl "180+2"]
[Date "2023.05.16"]
[WhiteClock "0:00:09"]
[BlackClock "0:00:02"]

1. d4 Nf6 2. c4 g6 3. Nc3 d5 4. cxd5 Nxd5 5. Bd2 Nb6 6. e3 Bg7 7. Nf3 O-O 8. Be2 N8d7 9. O-O e5 10. a4 a5 11. Ne4 exd4 12. Nxd4 Ne5 13. Bc3 Qe7 14. Nb3 Rd8 15. Qc2 Bf5 16. Nd4 Bd7 17. Rfd1 Nd5 18. Be1 b6 19. Nb5 Rac8 20. Na7 Ra8 21. Nb5 c6 22. Nd4 Rac8 23. Rac1 Be8 24. Qb3 Nb4 25. Nc3 h6 26. Nf3 Kh7 27. Nxe5 Bxe5 28. g3 f5 29. Bf1 Bf7 30. Qa3 Rxd1 31. Rxd1 Rd8 32. Qa1 Bb3 33. Rxd8 Qxd8 34. Qc1 Kg7 35. Ne2 Qd1 36. Qxd1 Bxd1 37. Nd4 c5 38. Ne6+ Kf6 39. Nf4 Bxb2 40. Bxb4 cxb4 41. Nd5+ Ke6 42. Nxb6 Bc1 43. Nc4 b3 44. Bd3 b2 45. Bb1 Bxa4 46. Nxa5 Bb5 47. Nb3 Kd5 48. Nd4 Kc4 49. Nxb5 Kxb5 50. Kf1 Kc4 51. Ke1 Kc3 52. Ke2 Bd2 53. h4 Bc1 54. h5 gxh5 55. Bxf5 Kb3 56. Bb1 Kc4 57. f4 Kd5 58. Kf3 Ke6 59. e4 Bd2 60. e5 Bc3 61. Ke4 Ba5 62. f5+ Kf7 63. f6 Bb4 64. Kf5 Kf8 65. e6 Bd6 66. Kg6 h4 67. gxh4 Bc5 68. h5 Bd6 69. Kxh6 1-0


[Site "https://www.chess.com"]

[Event "Titled Tuesday Blitz May 16 Early 2023"]
[White "Begmuratov, Alisher"]
[Black "Omelja, Artem"]
[WhiteFideId "14203367"]
[BlackFideId "14119846"]
[WhiteElo "2387"]
[BlackElo "2404"]
[Result "0-1"]
[Round "08"]
[TimeControl "180+2"]
[Date "2023.05.16"]
[WhiteClock "0:00:41"]
[BlackClock "0:01:31"]

1. e4 c5 2. d4 cxd4 3. c3 dxc3 4. Nxc3 Nc6 5. Nf3 d6 6. Bc4 Nf6 7. O-O e6 8. Qe2 a6 9. Rd1 Qc7 10. Bf4 e5 11. Bg5 Be7 12. Bxf6 Bxf6 13. h3 O-O 14. Rd2 Be6 15. Rad1 Rfd8 16. Nd5 Bxd5 17. Bxd5 Rac8 18. Rc2 Qb6 19. Rdc1 Ne7 20. Rxc8 Rxc8 21. Rxc8+ Nxc8 22. Qc4 Qc5 23. Qxc5 dxc5 24. Bxb7 Nd6 25. Bxa6 Nxe4 26. Bb7 Nd6 27. Bc6 e4 28. Nd2 Bxb2 29. a4 c4 30. Nxe4 c3 31. Nc5 c2 32. Nd3 c1=Q+ 33. Nxc1 Bxc1 34. a5 Ba3 35. a6 Bc5 36. Kf1 Kf8 37. Ke2 Ke7 38. f4 Kd8 39. Kf3 Kc7 40. Bd5 Kb6 41. g4 Kxa6 42. g5 Kb6 43. h4 Bd4 44. Kg4 Kc5 45. Bb3 Be3 46. f5 Kd4 47. h5 Ke5 48. Bc2 h6 49. f6 gxf6 50. g6 fxg6 51. hxg6 Ne8 52. Kf3 Bg5 53. Kg4 Ng7 54. Bd3 f5+ 55. Kh3 Kf6 56. Bc2 Kxg6 57. Bd3 Kf6 58. Bc2 Ke5 59. Bd1 f4 60. Bf3 Nf5 61. Kg4 Nd4 62. Kh3 Nxf3 63. Kg4 Nd4 64. Kh3 f3 65. Kg4 Ke4 66. Kg3 Ke3 67. Kh2 f2 68. Kg2 Ke2 69. Kg3 f1=Q 0-1


[Site "https://www.chess.com"]

[Event "Titled Tuesday Blitz May 16 Early 2023"]
[White "Bagwe Gaurang"]
[Black "Kvaloy, Aksel Bu"]
[WhiteFideId "45039895"]
[BlackFideId "1528815"]
[WhiteElo "1847"]
[BlackElo "2242"]
[Result "1-0"]
[Round "08"]
[TimeControl "180+2"]
[Date "2023.05.16"]
[WhiteClock "0:00:05"]
[BlackClock "0:00:49"]

1. e4 e5 2. Nf3 Nf6 3. Nxe5 Nc6 4. Nxc6 dxc6 5. d3 Bc5 6. Be2 h5 7. h3 Qd4 8. Rf1 Be6 9. c3 Qd7 10. d4 Bb6 11. e5 Nd5 12. Na3 O-O-O 13. Nc4 c5 14. Nxb6+ axb6 15. Be3 cxd4 16. cxd4 Rhe8 17. Qd2 Qa4 18. Bd1 Qb5 19. Be2 Qa4 20. Bd1 Qd7 21. Be2 Bf5 22. Rc1 Qa4 23. b3 Qa3 24. g4 hxg4 25. hxg4 Bg6 26. f4 Be4 27. Kf2 Kb8 28. Rc4 c5 29. Rfc1 f6 30. dxc5 Nxf4 31. Qxd8+ Rxd8 32. Bxf4 Bd5 33. exf6+ Kc8 34. cxb6+ Bxc4 35. Bxc4 Kd7 36. Rd1+ Ke8 37. f7+ Ke7 38. Bg5+ Kf8 39. Rxd8# 1-0


[Site "https://www.chess.com"]